Map: Polka LE

Players

CaptainKirk

  • Race: Terran Terran
  • Spawn Location: 5:00

Corum

  • Race: Protoss Protoss
  • Spawn Location: 5:00

qqq

  • Race: Zerg Zerg
  • Spawn Location: 11:00

Massa

  • Race: Terran Terran
  • League: Platinum
  • Spawn Location: 11:00

VOD

Have the link to the VOD?

Description

Time

  • Played on: Oct. 9, 2020, 12:07 p.m.
  • Length: 5:31
Show
View Real Time Build Order
Export as new Build Order

CaptainKirk Terran 

Build Orders:  

Get SALT Encoding   

  12  0:00  SCV  
  13  0:12  SCV  
  14  0:18  Supply Depot  
  14  0:24  SCV  
  15  0:40  SCV  
  15  0:42  Barracks  
  16  0:52  SCV  
  17  0:59  Refinery  
  17  1:04  SCV  
  17  1:09  Supply Depot  
  18  1:16  SCV  
  19  1:29  Marine  
  19  1:32  Barracks  
  21  1:37  Barracks  
  21  1:38  Orbital Command  
  20  1:47  Marine  
  21  2:02  Barracks  
  21  2:05  Engineering Bay  
  21  2:08  SCV  
  22  2:20  Barracks  
  22  2:25  Marine  
  22  2:29  Barracks Reactor  
  23  2:31  Reaper  
  24  2:42  Marine  
  24  2:44  Missile Turret  
  25  3:01  Marine  
  25  3:03  Marine  
  28  3:10  Marine  
  28  3:11  Marine  
  30  3:13  Marine  
  30  3:15  Barracks Tech Lab  
  30  3:17  SCV  
  31  3:35  Combat Shield  
  31  3:36  Marine x3  
  31  3:38  Supply Depot  
  31  3:40  Marine, Supply Depot  
  35  3:58  Marine  
  35  3:59  Marine  
  35  4:01  Marauder  
  35  4:02  Marine x2  
  41  4:10  Marine  
  41  4:16  Marine  
  43  4:23  Marauder  
  44  4:31  Marine  
  43  4:45  Marine x2  
  43  4:51  Marine x2  
  47  5:05  Marine  
  47  5:06  Marine  
  49  5:09  Marine x3  
Show
View Real Time Build Order
Export as new Build Order

Corum Protoss 

Build Orders:  

Get SALT Encoding   

  12  0:01  Probe  
  13  0:14  Pylon  
  13  0:23  Probe  
  14  0:35  Probe  
  15  0:36  Gateway  
  15  0:43  Assimilator  
  15  0:47  Probe  
  16  0:56  Assimilator  
  16  0:59  Probe  
  17  1:11  Probe  
  17  1:17  Pylon  
  18  1:23  Cybernetics Core  
  18  1:26  Probe  
  19  1:38  Probe  
  20  1:40  Forge  
  20  1:50  Probe  
  20  1:53  Pylon  
  21  2:04  Warp Gate (Chrono Boost)  
  21  2:15  Twilight Council  
  21  2:19  Gateway  
  21  2:32  Gateway  
  21  2:39  Gateway  
  21  2:47  Resonating Glaives (Chrono Boost)  
  21  2:52  Photon Cannon  
  21  3:39  Zealot x2  
  21  3:40  Zealot x2  
  29  3:52  Pylon  
  29  4:02  Zealot  
  29  4:03  Zealot x3  
  37  4:11  Gateway  
  37  4:26  Zealot x4  
  45  4:54  Zealot  
  45  4:58  Pylon  
  43  5:15  Zealot x2  
  43  5:18  Pylon  
  43  5:19  Zealot x3  
Show
View Real Time Build Order
Export as new Build Order

qqq Zerg 

Build Orders: Hatch First 

Get SALT Encoding   

  12  0:00  Drone  
  13  0:10  Drone  
  14  0:37  Hatchery  
  14  0:42  Drone  
  14  0:55  Spawning Pool  
  13  1:01  Overlord  
  13  1:06  Drone  
  13  1:09  Extractor  
  13  1:13  Drone  
  14  1:19  Drone  
  14  1:25  Drone  
  16  1:36  Drone  
  17  1:45  Zergling x2  
  18  1:50  Queen  
  18  1:54  Queen  
  20  1:56  Drone  
  23  2:01  Drone  
  24  2:09  Drone  
  24  2:11  Overlord  
  25  2:19  Metabolic Boost  
  25  2:23  Drone  
  25  2:26  Drone  
  25  2:29  Drone  
  28  2:37  Zergling x2  
  28  2:40  Drone  
  30  2:49  Zergling x2  
  30  2:50  Zergling x2  
  32  2:51  Drone  
  32  2:57  Lair  
  32  3:00  Spore Crawler  
  32  3:02  Spore Crawler  
  32  3:03  Drone  
  32  3:04  Drone  
  32  3:07  Drone  
  32  3:10  Drone  
  32  3:11  Extractor  
  33  3:13  Drone  
  34  3:23  Drone  
  35  3:28  Overlord x2  
  35  3:48  Drone x2  
  37  3:54  Overlord  
  37  3:55  Zergling x2  
  38  3:56  Drone x2  
  40  4:04  Hatchery  
  40  4:09  Hydralisk Den  
  38  4:15  Zergling x4  
  38  4:16  Drone  
  38  4:17  Drone x3  
  43  4:18  Drone  
  45  4:25  Zergling x2  
  45  4:26  Drone x2  
  44  4:42  Hydralisk x3  
  51  4:55  Lurker Den  
  51  4:57  Zergling x4, Overlord  
  52  5:03  Spine Crawler  
  51  5:08  Zergling x2  
Show
View Real Time Build Order
Export as new Build Order

Massa Terran 

Build Orders: Gas First Reaper Expand 

Get SALT Encoding   

  12  0:00  SCV  
  13  0:12  SCV  
  14  0:23  Supply Depot  
  14  0:24  SCV  
  15  0:29  Refinery  
  15  0:44  SCV  
  15  0:46  Barracks  
  16  0:57  SCV  
  17  1:09  SCV  
  18  1:21  SCV  
  19  1:34  Orbital Command, Supply Depot  
  19  1:36  Reaper  
  20  2:04  Command Center  
  20  2:06  Factory  
  20  2:08  SCV  
  21  2:20  Marine  
  22  2:23  SCV  
  23  2:35  SCV  
  24  3:06  Engineering Bay  
  24  3:07  Marine  
  25  3:17  Starport  
  25  3:21  Barracks  
  25  3:24  Marine  
  25  3:25  Orbital Command  
  26  3:29  SCV  
  27  3:34  Missile Turret  
  27  3:37  Missile Turret  
  27  3:40  Missile Turret  
  27  3:41  SCV  
  27  3:42  Marine  
  27  3:44  Missile Turret  
  29  3:52  SCV  
  29  3:53  SCV, Missile Turret x2  
  31  4:04  SCV  
  31  4:05  Barracks Tech Lab, SCV  
  31  4:09  Viking  
  35  4:16  SCV  
  36  4:18  SCV  
  37  4:26  Marauder  
  37  4:49  Marine  
  29  5:07  Marine  
Tags
 
Add a new tag
Caveats
  • Supply blocks, unpowered buildings, or Contaminate may cause inaccurate times.
  • Supply counts are checked every 10 seconds.